 Dungeon Crawl Stone Soup version 0.18.1-48-g4cf74bf (webtiles) character file.

747 kobby the Skirmisher (level 7, 0/64 HPs)
             Began as a Hill Orc Wanderer on July 7, 2016.
             Was an Initiate of Beogh.
             Slain by a giant frog skeleton (3 damage)
             ... on level 6 of the Dungeon.
             The game lasted 00:16:03 (5405 turns).

kobby the Skirmisher (Hill Orc Wanderer)            Turns: 5405, Time: 00:16:03

Health: 0/64       AC: 14    Str: 17    XL:     7   Next: 77%
Magic:  8/8        EV:  5    Int: 14    God:    Beogh [......]
Gold:   222        SH:  0    Dex:  8    Spells: 0 memorised, 8 levels left

rFire  . . .     SeeInvis .     c - +0 spear
rCold  . . .     Gourm    +     j - +1 plate armour
rNeg   . . .     Faith    .     (no shield)
rPois  .         Spirit   .     (no helmet)
rElec  .         Dismiss  .     (no cloak)
rCorr  .         Reflect  .     (no gloves)
SustAt .         Harm     .     (no boots)
MR     .....                    l - amulet of the gourmand
Stlth  ..........               (no ring)
                                (no ring)

@: lethally poisoned (0 -> -1), not resistant to hostile enchantments, extremely
unstealthy
A: no striking features
a: Renounce Religion


You were on level 6 of the Dungeon.
You worshipped Beogh.
Beogh was noncommittal.
You were not hungry.

You visited 1 branch of the dungeon, and saw 6 of its levels.

You collected 222 gold pieces.

Inventory:

Hand Weapons
 c - a +0 spear (weapon)
Missiles
 b - 15 poisoned needles
Armour
 e - a +0 robe
 g - a +0 ring mail
 j - a +1 plate armour (worn)
Jewellery
 l - an amulet of the gourmand (around neck)
 q - a cursed -2 ring of protection
Wands
 d - a wand of lightning (6/15)
Scrolls
 a - a scroll of fear
 h - 4 scrolls of remove curse
 k - a scroll of enchant armour
 m - 3 scrolls of identify
 n - a scroll of random uselessness {unknown}
Potions
 i - a potion of heal wounds {unknown}
 o - a potion of brilliance {unknown}
Comestibles
 f - a bread ration


   Skills:
 + Level 6.5 Fighting
 * Level 4.0 Polearms
 * Level 6.4 Armour
 + Level 1.2 Dodging
   Level 1.1 Shields
 + Level 1.1 Unarmed Combat
 + Level 1.0 Spellcasting
   Level 1.0 Translocations
   Level 1.0 Ice Magic
 + Level 1.0 Evocations


You had 8 spell levels left.
You didn't know any spells.

Dungeon Overview and Level Annotations

Branches:
Dungeon (6/15)
 Temple: D:4-7

Altars:
Fedhas

Annotations:
D:2 Natasha
D:5 kobby's ghost, amateur TeFi


Message History

You puncture the giant frog skeleton!
You feel sick.
The giant frog skeleton hits you but does no damage.
You barely miss the giant frog skeleton.
The giant frog skeleton hits you but does no damage.
You hit the giant frog skeleton.
You feel sick.
The giant frog skeleton hits you but does no damage.
Your plate armour prevents you from hitting the giant frog skeleton.
The giant frog skeleton hits you but does no damage.
You hit the giant frog skeleton.
You feel sick.
The giant frog skeleton barely misses you. x2
You hit the giant frog skeleton. The giant frog skeleton hits you.
* * * LOW HITPOINT WARNING * * *
You hit the giant frog skeleton.
The giant frog skeleton barely misses you.
You hit the giant frog skeleton.
You feel sick. The giant frog skeleton hits you.
* * * LOW HITPOINT WARNING * * *
You barely miss the giant frog skeleton.
The giant frog skeleton hits you.
You die...

###
#@#
#Z#
#†#
)..
#..
...#
##.#
..


You could see a giant frog skeleton.

Vanquished Creatures
  An orc warrior (D:5)
  The ghost of Galewin the Bolt Thrower, an amateur CeHu (D:3)
  A centaur (D:4)
  A scorpion (D:4)
  A howler monkey (D:4)
  A crimson imp (D:3)
  A hound (D:4)
  2 orc wizards (D:5)
  Natasha (D:2)
  Terence (D:3)
  4 worker ants
  A gnoll (D:6)
  4 adders
  5 worms
  5 dart slugs
  A giant gecko (D:1)
  3 orcs
  2 giant cockroaches (D:1)
  10 goblins
  7 hobgoblins
  6 jackals
  13 kobolds
  2 quokkas
  A ball python (D:3)
  5 bats
  4 giant newts
  6 rats
90 creatures vanquished.

Vanquished Creatures (others)
  2 orc wizards (D:4)
  A worker ant (D:4)
  A worm (D:4)
  8 orcs (D:4)
12 creatures vanquished.

Grand Total: 102 creatures vanquished

Notes
Turn   | Place    | Note
--------------------------------------------------------------
     0 | D:1      | kobby the Hill Orc Wanderer began the quest for the Orb.
     0 | D:1      | kobby set off with: a scroll of fear, a potion of berserk rage, a +0 spear, a scroll of teleportation, a +0 robe, a bread ration
     0 | D:1      | Reached XP level 1. HP: 22/22 MP: 2/2
    54 | D:1      | Reached skill level 5 in Fighting
   295 | D:1      | Reached XP level 2. HP: 9/29 MP: 3/3
   786 | D:1      | Reached skill level 1 in Armour
   981 | D:1      | Reached XP level 3. HP: 34/36 MP: 4/4
  1424 | D:2      | Noticed Natasha
  1574 | D:2      | Reached skill level 1 in Polearms
  1829 | D:2      | Reached XP level 4. HP: 39/44 MP: 5/5
  1873 | D:2      | Killed Natasha
  1961 | D:2      | Noticed Natasha
  2183 | D:3      | Noticed Galewin's ghost (amateur CeHu)
  2538 | D:3      | Killed Galewin's ghost
  2538 | D:3      | Reached XP level 5. HP: 15/50 MP: 6/6
  3107 | D:3      | Noticed Terence
  3159 | D:3      | Killed Terence
  3159 | D:3      | Reached skill level 1 in Dodging
  3159 | D:3      | Reached XP level 6. HP: 31/57 MP: 7/7
  4015 | D:4      | Became a worshipper of Beogh the Brigand
  4432 | D:4      | Reached skill level 5 in Armour
  4545 | D:4      | Found a blossoming altar of Fedhas.
  4882 | D:4      | Reached XP level 7. HP: 63/63 MP: 8/8
  5291 | D:5      | Entered Level 5 of the Dungeon
  5376 | D:5      | Noticed kobby's ghost (amateur TeFi)
  5404 | D:6      | HP: 3/64 [giant frog skeleton (4)]
  5405 | D:6      | Slain by a giant frog skeleton

Skill      XL: |  1  2  3  4  5  6  7 |
---------------+----------------------+-----
Fighting       | 5 6 |  6.5
Armour         | 1 3 5 6 |  6.4
Polearms       | 1 2 3 4 |  4.0
Dodging        | 1 |  1.2
Shields        | |  1.1
Unarmed Combat | |  1.1
Spellcasting   | |  1.0
Translocations | |  1.0
Ice Magic      | |  1.0
Evocations     | |  1.0

Action                   |  1- 3 |  4- 6 |  7- 9 || total
-------------------------+-------+-------+-------++-------
Melee: Spear             |   251 |   489 |    88 ||   828
       Punch             |       |     1 |       ||     1
Evoke: Wand              |       |       |     3 ||     3
  Use: Scroll            |     6 |     3 |       ||     9
       Potion            |     1 |     2 |       ||     3
  Eat: Meat ration       |     1 |     1 |       ||     2
       Pizza             |     1 |     1 |       ||     2
       Fruit             |       |     4 |       ||     4
Armor: Plate armour      |   162 |   348 |   139 ||   649
       Ring mail         |     3 |       |       ||     3
Dodge: Dodged            |    48 |   120 |    42 ||   210
